 Dungeon Crawl Stone Soup version 0.17-a0-977-g4154171 (webtiles) character file.

884 RobertPalmer the Transmogrifier (level 8, -9/48 HPs)
             Began as an Octopode Transmuter on May 10, 2015.
             Was a Believer of Makhleb.
             Splashed by a jelly's acid (10 damage)
             ... on level 5 of the Dungeon.
             The game lasted 00:10:36 (6329 turns).

RobertPalmer the Transmogrifier (OpTm)              Turns: 6329, Time: 00:10:36

Health: -9/48      AC:  1    Str:  9    XL:     8   Next: 5%
Magic:  10/11      EV: 12    Int: 15    God:    Makhleb [**....]
Gold:   200        SH:  0    Dex: 15    Spells: 4 memorised, 1 level left

rFire  . . .     SeeInvis .       - Unarmed
rCold  . . .     Clarity  .     (no shield)
rNeg   . . .     SustAb   .     (helmet restricted)
rPois  .         Gourm    .     (no amulet)
rElec  .         Spirit   .     d - ring of wizardry {Wiz+, !d}
rCorr  .         Warding  .     (no ring)
rMut   .         Stasis   .     (no ring)
MR     .....                    (no ring)
Stlth  ++........               (no ring)
                                (no ring)
                                (no ring)
                                (no ring)

@: appendage, not resistant to hostile enchantments, unstealthy
A: almost no armour, amphibious, 8 rings, constrict 8, tentacle spike 3,
camouflage 1, gelatinous body 1
a: End Transformation, Minor Destruction, Renounce Religion


You were on level 5 of the Dungeon.
You worshipped Makhleb.
Makhleb was pleased with you.
You were not hungry.
One of your tentacles had a temporary spike.
You visited 1 branch of the dungeon, and saw 5 of its levels.

You collected 200 gold pieces.

Inventory:

Missiles
 a - 116 arrows
 p - 20 arrows of dispersal {=f}
Magical staves
 g - an uncursed staff of power {unknown}
   (You found it on level 5 of the Dungeon)
 h - a cursed staff of wizardry {unknown}
   (You found it on level 4 of the Dungeon)
Jewellery
 d - a ring of wizardry (left tentacle) {Wiz+, !d}
   (You found it on level 4 of the Dungeon)
Magical devices
 k - a wand of enslavement (20)
   (You found it on level 5 of the Dungeon)
Scrolls
 i - a scroll of remove curse
 j - a scroll of fog
 m - a scroll of blinking {unknown}
 n - a scroll of enchant weapon
Potions
 e - a potion of magic
 l - a potion of cancellation
 o - a potion of mutation {unknown}
Books
 b - a book of Changes
Comestibles
 c - 2 bread rations {@e1}
 f - 4 fruits


   Skills:
 - Level 1.0 Fighting
 - Level 2.0 Dodging
 - Level 3.0 Unarmed Combat
 - Level 2.0 Spellcasting
 + Level 9.1 Transmutations


You had one spell level left.
You knew the following spells:

 Your Spells              Type           Power        Failure   Level  Hunger
a - Beastly Appendage     Trmt           ####..       1%          1    #......
b - Ice Form              Ice/Trmt       ###.....     14%         4    #####..
c - Spider Form           Trmt/Pois      ###.......   4%          3    ###....
s - Sticks to Snakes      Trmt           ####......   1%          2    ###....


Dungeon Overview and Level Annotations

Branches:
Dungeon (5/15)
 Temple: D:4-7

Altars:
Fedhas
Makhleb
Okawaru
Zin

Annotations:
D:4 exclusion: Eustachio, Eustachio


Innate Abilities, Weirdness & Mutations

You cannot wear most types of armour.
You are amphibious.
You can wear up to eight rings at the same time.
You can use your tentacles to constrict eight enemies at once.
Your skin changes colour to match your surroundings (Stealth).
Your rubbery body absorbs attacks (AC +1).
One of your tentacles bears a large vicious spike.


Message History

The orc wizard closely misses you.
The orc wizard mumbles some strange words.
The orc wizard struggles to blink free from constriction.
You tentacle-slap the orc wizard. You constrict the orc wizard.
The orc wizard hits you with a dagger.
The orc wizard hits you but does no damage.
You take 6 damage, and have 28/48 hp.
Unknown command.
You tentacle-slap the orc wizard.
You kill the orc wizard!
Makhleb accepts your kill.
Things that are here:
a dagger; a robe There isn't anything to butcher here.
You start resting.
Your transformation is almost over.
You start resting.
You feel yourself speed up.
Unknown command.
You start resting.
Your tentacle spike disappears.
Unknown command.
You start resting.
Eating one of 2 chunks of flesh {@w0}.
You continue eating. x2
All of the chunks of flesh in your inventory have rotted away.
Health restored: 48 An orc comes into view.
One of your tentacles grows a vicious spike.
The orc shouts!
You now have 10/11 mp.
You tentacle-slap the orc but do no damage.
Your grab misses the orc.
You pierce the orc.
You squeeze the orc, but do no damage. The orc barely misses you.
You barely miss the orc. Your grab misses the orc. The orc hits you.
You take 3 damage, and have 45/48 hp.
You tentacle-slap the orc but do no damage.
Your grab misses the orc.
You pierce the orc, but do no damage.
The orc hits you.
You take 3 damage, and have 42/48 hp.
You tentacle-slap the orc but do no damage.
You grab the orc.
You pierce the orc.
You constrict the orc. The orc barely misses you.
You tentacle-slap the orc.
You constrict the orc, but do no damage.
The orc hits you.
You take 1 damage, and have 41/48 hp.
You tentacle-slap the orc but do no damage.
You squeeze the orc.
You kill the orc!
Makhleb accepts your kill.
You feel a little better.
You see here a ring mail.
MP restored: 11 Partly explored, can't reach some places.
Partly explored, can't reach some places.
Partly explored, can't reach some places.
Partly explored, can't reach some places.
Partly explored, can't reach some places.
Partly explored, can't reach some places.
Partly explored, can't reach some places.
Partly explored, can't reach some places.
Partly explored, can't reach some places.
Unknown command.
Partly explored, can't reach some places.
There is an open door here.
Your transformation is almost over.
You open the door.
Unknown command.
There is an open door here.
You see here 20 arrows of dispersal {=f}.
p - 20 arrows of dispersal {=f} Health restored: 48 The helpless jelly fails to defend itself.
You tentacle-slap the jelly.
Your tentacles burn!
Your tentacle spike misses the jelly.
You tentacle-slap the jelly.
Your tentacle spike disappears.
The jelly hits you.
You are splashed with acid!
The acid burns!
You take 19 damage, and have 29/48 hp.
MASSIVE DAMAGE!!
You tentacle-slap the jelly.
Your tentacles burn!
You take 4 damage, and have 25/48 hp.
You completely miss the jelly. Your squeeze misses the jelly.
The jelly misses you.
Unknown command.
You tentacle-slap the jelly.
Your tentacles burn!
The jelly hits you but does no damage.
You take 2 damage, and have 23/48 hp.
One of your tentacles grows a vicious spike.
The jelly hits you.
You are splashed with acid!
The acid burns!
* * * LOW HITPOINT WARNING * * *
You take 17 damage, and have 6/48 hp.
MASSIVE DAMAGE!!
You now have 10/11 mp.
You tentacle-slap the jelly.
Your tentacles burn!
* * * LOW HITPOINT WARNING * * *
You pierce the jelly.
The jelly hits you.
* * * LOW HITPOINT WARNING * * *
You are splashed with acid!
The acid burns!
You die...

### #.##### #.....# #.###.# #.#
#.# #.# #.# ############ #.# #.#
..(........############.# #.#
...........'....@J...##)# #.#####
...........#########..#.# #)#....
...........# ######.#.# #.#.###
...........# #....#...###.#.#..
##.........#####....#.#.....#.#.#
....................'.##.####.#.#
########......##....#..#[# #.#.#
########.)....#.....#..#.# #.#.#
....)..'............'..#.####.#.#


You could see a jelly.

Vanquished Creatures
  An ice beast (D:5)
  A phantom (D:4)
  An ogre (D:5)
  A scorpion (D:5)
  2 centaur skeletons (D:4)
  An orc priest (D:3)
  An orc wizard (D:5)
  An iguana (D:5)
  3 giant frog skeletons
  2 worker ants
  A hound skeleton (D:4)
  5 adders
  4 gnolls
  An adder skeleton (D:5)
  A worm (D:2)
  4 giant geckos
  11 orcs
  14 bats
  3 giant cockroaches (D:1)
  10 hobgoblins
  7 jackals (D:4)
  10 kobolds
  2 ball pythons
  A giant cockroach zombie (D:3)
  A giant gecko skeleton (D:5)
  6 giant newts
  9 goblins
  2 quokkas
  11 rats
117 creatures vanquished.

Vanquished Creatures (collateral kills)
  An ogre (D:3)
  An orc priest (D:3)
  An orc wizard (D:3)
  2 gnolls (D:4)
  An orc (D:3)
6 creatures vanquished.

Grand Total: 123 creatures vanquished

Notes
Turn   | Place    | Note
--------------------------------------------------------------
     0 | D:1      | RobertPalmer, the Octopode Transmuter, began the quest for the Orb.
     0 | D:1      | Reached XP level 1. HP: 13/13 MP: 3/3
   116 | D:1      | Reached XP level 2. HP: 8/18 MP: 3/5
   393 | D:1      | Reached skill level 3 in Transmutations
   668 | D:1      | Reached XP level 3. HP: 17/23 MP: 6/6
   708 | D:1      | Found a blossoming altar of Fedhas.
  1241 | D:2      | Reached skill level 4 in Transmutations
  1245 | D:2      | Found a glowing silver altar of Zin.
  1245 | D:2      | Found a burning altar of Makhleb.
  1246 | D:2      | Noticed an Executioner
  1246 | D:2      | Noticed an angel
  1253 | D:2      | Became a worshipper of Makhleb the Destroyer
  1441 | D:2      | Found an iron altar of Okawaru.
  1612 | D:2      | Reached XP level 4. HP: 24/28 MP: 7/7
  2114 | D:3      | HP: 6/28 [something/magic dart (9)]
  2527 | D:3      | Noticed an ogre
  2852 | D:3      | Acquired Makhleb's first power
  2938 | D:3      | Learned a level 2 spell: Sticks to Snakes
  3013 | D:3      | Killed an ogre
  3013 | D:3      | Reached skill level 5 in Transmutations
  3013 | D:3      | Reached XP level 5. HP: 29/33 MP: 1/8
  3227 | D:3      | Learned a level 3 spell: Spider Form
  3329 | D:3      | Noticed an ice beast
  3656 | D:4      | Reached skill level 6 in Transmutations
  3730 | D:4      | Reached XP level 6. HP: 32/38 MP: 7/9
  3762 | D:4      | HP: 5/38 [centaur skeleton (7)]
  4217 | D:4      | Acquired Makhleb's second power
  4273 | D:4      | Noticed Eustachio
  4930 | D:4      | Reached skill level 7 in Transmutations
  5045 | D:4      | Reached XP level 7. HP: 20/43 MP: 6/10
  5233 | D:5      | Entered Level 5 of the Dungeon
  5385 | D:5      | Learned a level 4 spell: Ice Form
  5514 | D:5      | Reached skill level 8 in Transmutations
  6029 | D:5      | Reached skill level 9 in Transmutations
  6029 | D:5      | Reached XP level 8. HP: 48/48 MP: 8/11
  6328 | D:5      | HP: 6/48 [acid (15)]
  6329 | D:5      | HP: 2/48 [acid (4)]
  6329 | D:5      | Splashed by a jelly's acid

Vault maps used:
D:1:      dpeg_arrival_erosion, nrook_loot_triangle, st_stairs_7,
          minmay_stone_trees_small, grunt_decor_fettered,
          hangedman_feature_mirror, kennysheep_flooded_box, minmay_cut_off
D:2:      grunt_temple_overflow_order_and_chaos_2, okawaru_ov_weapons_minmay,
          first_bread
D:4:      uniq_eustachio
D:5:      grunt_ministairs_11

Action                   |  1- 3 |  4- 6 |  7- 9 || total
-------------------------+-------+-------+-------++-------
Melee: Unarmed           |    77 |   168 |    85 ||   330
 Cast: Beastly Appendage |    14 |    22 |     4 ||    40
       Sticks to Snakes  |       |    16 |       ||    16
       Spider Form       |       |     2 |     6 ||     8
  Use: Potion            |     1 |     1 |       ||     2
       Scroll            |       |    11 |     2 ||    13
 Stab: Sleeping          |     4 |     4 |     3 ||    11
  Eat: Chunk             |     2 |    13 |     5 ||    20

Vault maps used:
D:1:      dpeg_arrival_erosion, nrook_loot_triangle, st_stairs_7,
          minmay_stone_trees_small, grunt_decor_fettered,
          hangedman_feature_mirror, kennysheep_flooded_box, minmay_cut_off
D:2:      grunt_temple_overflow_order_and_chaos_2, okawaru_ov_weapons_minmay,
          first_bread
D:4:      uniq_eustachio
D:5:      grunt_ministairs_11

Table legend:
 A = Turns spent in this place as a percentage of turns spent in the entire game.
 B = Non-inter-level travel turns spent in this place as a percentage of non-inter-level travel turns spent in the entire game.
 C = Inter-level travel turns spent in this place as a percentage of turns spent in this place.
 D = Turns resting spent in this place as a percentage of non-inter-level travel turns spent in this place.
 E = Turns spent auto-exploring this place as a percentage of non-inter-level travel turns spent in this place.
 F = Non-inter-level travel turns spent in this place divided by the number of levels of this place that you've seen.
                   A       B       C       D       E      F
               +-------+-------+-------+-------+-------+----------------------
         Total | 100.0 | 100.0 |   0.4 |   3.6 |   9.2 | 381.8
       Dungeon | 100.0 | 100.0 |   0.4 |   3.6 |   9.2 | 381.8
               +-------+-------+-------+-------+-------+----------------------

Table legend:
 A = Kills in this place as a percentage of kills in entire the game.
 B = Kills by you in this place as a percentage of kills by you in the entire game.
 C = Kills by friends in this place as a percentage of kills by friends in the entire game.
 D = Other kills in this place as a percentage of other kills in the entire game.
 E = Experience gained in this place as a percentage of experience gained in the entire game.
 F = Experience gained in this place divided by the number of levels of this place that you have seen.
                   A       B       C       D       E      F
               +-------+-------+-------+-------+-------+----------------------
         Total | 100.0 | 100.0 | 100.0 |  -nan | 100.0 | 252.6
       Dungeon | 100.0 | 100.0 | 100.0 |  -nan | 100.0 | 252.6
               +-------+-------+-------+-------+-------+----------------------
